 Dungeon Crawl Stone Soup version 0.18-a0-1572-g0a86841 (webtiles) character file.

298 Duffy the Covert (level 6, -1/49 HPs)
             Began as a Naga Enchanter on Mar 15, 2016.
             Slain by Grinder (3 damage)
             ... on level 4 of the Dungeon.
             The game lasted 00:08:40 (4308 turns).

Duffy the Covert (Naga Enchanter)                   Turns: 4308, Time: 00:08:41

Health: -1/49      AC: 12    Str: 10    XL:     6   Next: 36%
Magic:  6/9        EV: 10    Int: 20    God:
Gold:   264        SH:  0    Dex: 14    Spells: 4 memorised, 0 levels left

rFire  . . .     SeeInvis +     e - +0 dagger (protect)
rCold  + . .     Gourm    .     b - +1 robe
rNeg   . . .     Faith    .     (no shield)
rPois  +         Spirit   .     (no helmet)
rElec  .         Dismiss  .     A - +1 cloak
rCorr  .         Reflect  .     D - +0 pair of gloves
SustAt .         Harm     .     (no barding)
MR     .....                    (no amulet)
Stlth  ++++......               (no ring)
                                F - ring of protection from cold

@: brilliant, very slow, not resistant to hostile enchantments, stealthy
A: see invisible, deformed body, poison resistance, slowness 2, slow metabolism
1, spit poison 2, AC +2
a: Spit Poison


You were on level 4 of the Dungeon.
You were not hungry.

You visited 1 branch of the dungeon, and saw 4 of its levels.

You collected 264 gold pieces.


Innate Abilities, Weirdness & Mutations

You cannot wear boots.
Your serpentine skin is tough (AC +2).
You have supernaturally acute eyesight.
Armour fits poorly on your strangely shaped body.
Your system is resistant to poisons.
You cover ground very slowly.
You have a slow metabolism.
You can spit poison.


   Skills:
 - Level 2.0 Short Blades
 - Level 1.5 Dodging
 + Level 8.5 Stealth
 - Level 2.0 Spellcasting
 + Level 4.6 Hexes


You couldn't memorise any spells.
You knew the following spells:

 Your Spells              Type           Power        Failure   Level  Hunger
a - Ensorcelled Hibernat  Hex/Ice        ###...       1%          2    ##.....
c - Confuse               Hex            ####....     1%          3    ###....
l - Tukima's Dance        Hex            ####....     1%          3    ###....
r - Corona                Hex            ####...      1%          1    #......

Inventory:

Hand Weapons
 a - a +1 dagger
 e - a +0 dagger of protection (weapon)
 j - a +0 bardiche
 l - a +2 whip of pain
 C - a +1 short sword of holy wrath
 G - a +0 battleaxe
Missiles
 o - 3 steel tomahawks (quivered)
Armour
 b - a +1 robe (worn)
 r - a +3 leather armour
 A - a +1 cloak (worn)
 D - a +0 pair of gloves (worn)
 E - a cursed +0 ring mail
Jewellery
 F - a ring of protection from cold (left hand)
Wands
 u - a wand of digging (14/24)
Scrolls
 f - a scroll of random uselessness {unknown}
 i - a scroll of blinking
 q - a scroll of amnesia {unknown}
 s - a scroll of magic mapping {unknown}
 t - a scroll of noise {unknown}
 v - 2 scrolls of recharging {unknown}
 y - a scroll of remove curse {unknown}
 z - a scroll of immolation {unknown}
Potions
 g - a potion of brilliance
 m - a potion of agility
 n - a potion of curing
 w - a potion of resistance
 x - 2 potions of cancellation {unknown}
Books
 c - a book of Maledictions
Comestibles
 d - 4 bread rations
 h - 2 slices of pizza
 k - 6 fruits
 p - 3 meat rations
 I - a beef jerky

Dungeon Overview and Level Annotations

Branches:
Dungeon (4/15)
 Temple: D:4-7

Altars:
Kikubaaqudgha
Makhleb
Okawaru
Pakellas
Trog
Zin

Annotations:
D:4 Grinder; tasslehoff34's ghost, amateur DsGl


Message History

Grinder comes into view.
Cast which spell? (? or * to list)
Aiming: Confuse
Press: ? - help, Shift-Dir - straight line, f - Grinder
Aim: Grinder (chance to defeat MR: 46%) Grinder resists with some effort.
Grinder drinks a potion.
Grinder seems to grow stronger.
Cast which spell? (? or * to list)
Aiming: Confuse
Press: ? - help, Shift-Dir - straight line, f/p - Grinder
Aim: Grinder (unusually strong, chance to defeat MR: 46%) Grinder resists with some effort.
Grinder hits you.
Cast which spell? (? or * to list)
Aiming: Confuse
Press: ? - help, Shift-Dir - straight line, f/p - Grinder
Aim: Grinder (unusually strong, chance to defeat MR: 46%) Grinder resists with some effort.
Grinder says, "DUCK!"
Grinder hits you but does no damage. Grinder gestures at you.
You resist with some effort.
You barely miss Grinder. Grinder hits you!
You writhe in agony.
Grinder gestures at you. Pain shoots through your body!
Drink which item? (? for menu, Esc to quit)
Magic courses through your body. Grinder hits you.
You writhe in agony.
Drink which item? (? for menu, Esc to quit)
You feel clever all of a sudden. Grinder hits you!
You writhe in agony.
Cast which spell? (? or * to list)
Aiming: Confuse
Press: ? - help, Shift-Dir - straight line, f/p - Grinder
Aim: Grinder (unusually strong, chance to defeat MR: 61%) Grinder appears confused.
Grinder hits you.
You die...

#.#.### #.######.........#
##.....# .#
#......##.......##
.....#.# ..
######.##.........
####.#.# #. #.##.....####
####.#.# #. #.##..#.##
.....#.# #. #.##.####
####.#.# #. #.##...#
...(.#.#
#.#########.##.#.#
######.#
#....5@..##.##.#.###### #
#.#
########.##.##.#.......
######.####
#.##.##.########
..........########.......#
#.....####......#######.##
##...## ######.# #.# #...#
#.# #.# .#...#. #.# #.#
###### #.....#####
##.#######.####.....


You could see Grinder (confused).

Action                   |  1- 3 |  4- 6 || total
-------------------------+-------+-------++-------
Melee: Dagger            |    72 |   160 ||   232
 Cast: Ensorcelled Hiber |     4 |    16 ||    20
       Confuse           |       |     4 ||     4
 Abil: Spit Poison       |    18 |    28 ||    46
  Use: Scroll            |       |     7 ||     7
       Potion            |       |     2 ||     2
 Stab: Sleeping          |     7 |    31 ||    38
       Distracted        |     1 |       ||     1
  Eat: Chunk             |     2 |    11 ||    13

Notes
Turn   | Place    | Note
--------------------------------------------------------------
     0 | D:1      | Duffy the Naga Enchanter began the quest for the Orb.
     0 | D:1      | Reached XP level 1. HP: 15/15 MP: 3/3
   264 | D:1      | Reached XP level 2. HP: 22/22 MP: 5/5
   268 | D:1      | Learned a level 2 spell: Ensorcelled Hibernation
   318 | D:1      | Reached skill level 5 in Stealth
  1092 | D:2      | Reached skill level 2 in Short Blades
  1092 | D:2      | Reached XP level 3. HP: 28/28 MP: 6/6
  1195 | D:2      | Reached skill level 6 in Stealth
  1200 | D:2      | Learned a level 3 spell: Confuse
  1270 | D:1      | Reached XP level 4. HP: 28/36 MP: 0/7
  1874 | D:2      | Found a glowing silver altar of Zin.
  1874 | D:2      | Noticed an angel
  1875 | D:2      | Found a burning altar of Makhleb.
  1875 | D:2      | Noticed a cacodemon
  1887 | D:2      | Reached skill level 7 in Stealth
  2189 | D:2      | Reached XP level 5. HP: 35/42 MP: 8/8
  2851 | D:3      | Found an iron altar of Okawaru.
  3135 | D:3      | Reached skill level 4 in Hexes
  3390 | D:3      | Reached skill level 8 in Stealth
  3437 | D:3      | Reached XP level 6. HP: 42/49 MP: 0/9
  3701 | D:4      | Learned a level 3 spell: Tukima's Dance
  3800 | D:4      | Noticed tasslehoff34's ghost (amateur DsGl)
  4240 | D:4      | Found an ancient bone altar of Kikubaaqudgha.
  4253 | D:4      | Found an oddly glowing altar of Pakellas.
  4253 | D:4      | Found a bloodstained altar of Trog.
  4297 | D:4      | Noticed Grinder
  4308 | D:4      | Slain by Grinder

Vault maps used:
D:1:      lightli_arrival_flooded_house, minmay_surrounded
D:2:      grunt_temple_overflow_order_and_chaos_2, first_bread, minmay_bisected
D:3:      okawaru_metal_pillars_1_2
D:4:      kennysheep_mini_moat, gammafunk_temple_overflow_wave,
          grunt_ministairs_6, uniq_grinder

Vanquished Creatures
  An orc priest
  2 orc wizards
  2 worker ants
  4 gnolls
  4 adders
  An adder skeleton
  2 dart slugs
  2 giant geckos
  8 orcs
  4 giant cockroaches
  5 goblins
  10 hobgoblins
  4 jackals
  2 quokkas
  3 ball pythons
  7 bats
  A giant gecko skeleton
  3 giant newts
  10 kobolds
  11 rats
86 creatures vanquished.
